 Dungeon Crawl Stone Soup version 0.31-a0-854-g362426d53f (webtiles) character file.

Game seed: 17199658727123419788

33244 cforsyth the Nimble (level 14, -15/138 HPs)
             Began as a Djinni Necromancer on Oct 8, 2023.
             Was a High Priest of Hepliaklqana.
             Demolished by a three-headed hydra simulacrum (22 damage)
             ... in an ice cave on Oct 9, 2023.
             The game lasted 00:40:02 (18729 turns).

cforsyth the Nimble (Djinni Necromancer)           Turns: 18729, Time: 00:40:02

Health: -15/138    AC: 11    Str:  5    XL:     14   Next: 7%
Gold:   857        EV: 15    Int: 23    God:    Hepliaklqana [*****.] SH:  0 Dex: 21

rFire   + + .        u - +3 short sword (speed)
rCold   . . .        (no shield)
rNeg    . . .        r - +2 ring mail {rC+}
rPois   ∞            (no helmet)
rElec   .            J - +0 cloak of Etiaxt {Str-2 Int+2 SInv}
rCorr   .            q - +2 pair of gloves {Stlth+}
SInv    +            (boots unavailable)
Will    +....        o - amulet of the acrobat Stlth
                     s - +6 ring of dexterity
HPRegen 0.43/turn    (no ring)
MPRegen 0.00/turn

%: acrobat, infuse magic (-16 HP)
@: berserking, flying, very quick
A: reduced essence, sickness immunity, fire resistance 2, cold vulnerability 1,
float, innate caster, HP casting, extra vitality 1
a: Renounce Religion, Recall Ancestor, Ancestor Identity, Transference, Idealise


You were in an ice cave.
You worshipped Hepliaklqana.
Hepliaklqana was extremely pleased with you.
You visited 3 branches of the dungeon, and saw 15 of its levels.
You also visited: Sewer and Ice Cave.

You collected 932 gold pieces.
You spent 75 gold pieces at shops.

Inventory:

Hand Weapons
 u - a +3 short sword of speed (weapon)
Missiles
 F - 2 throwing nets
Armour
 a - a +0 robe
 j - a +0 cloak
 q - a +2 pair of gloves of stealth (worn)
 r - a +2 ring mail of cold resistance (worn)
 J - the +0 cloak of Etiaxt (worn) {Str-2 Int+2 SInv}
   (You found it on level 1 of the Lair of Beasts)

   Str-2:     It affects your strength (-2).
   Int+2:     It affects your intelligence (+2).
   SInv:      It lets you see invisible.
Jewellery
 o - an amulet of the acrobat (around neck)
 s - a +6 ring of dexterity (left hand)
 I - the ring "Ossun" {Fire rPois Int+2}
   (You found it on level 1 of the Lair of Beasts)

   [ring of fire]

   Fire:      It enhances your fire magic.
   Int+2:     It affects your intelligence (+2).
   rF+:       It protects you from fire.
   rC-:       It makes you vulnerable to cold.
   rPois:     It protects you from poison
Wands
 n - a wand of iceblast (9)
 t - a wand of polymorph (5)
 x - a wand of mindburst (30)
 y - a wand of paralysis (9)
Scrolls
 b - 3 scrolls of immolation
 d - 2 scrolls of blinking
 g - 2 scrolls of enchant weapon
 i - 3 scrolls of teleportation
 v - a scroll of torment {unknown}
 z - 4 scrolls of noise
 A - 2 scrolls of enchant armour {unknown}
 B - a scroll of fear
 C - a scroll of brand weapon
 D - a scroll of summoning {unknown}
 E - a scroll of revelation
 K - a scroll of silence {unknown}
Potions
 c - 4 potions of might
 e - 6 potions of curing
 f - 2 potions of invisibility
 h - 4 potions of lignification
 l - 2 potions of brilliance
 m - a potion of berserk rage
 p - a potion of attraction
 w - 2 potions of enlightenment {unknown}
 H - a potion of magic {unknown}


   Skills:
 + Level 10.4 Fighting
 - Level 12.8 Dodging
 - Level 10.8 Stealth
 + Level 9.7 Spellcasting
 + Level 9.7 Conjurations
 + Level 9.7 Hexes
 + Level 9.7 Summonings
 + Level 9.7 Necromancy
 + Level 9.7 Translocations
 + Level 9.7 Transmutations
 + Level 9.7 Fire Magic
 + Level 9.7 Ice Magic
 + Level 9.7 Air Magic
 + Level 9.7 Earth Magic
 + Level 9.7 Poison Magic


You knew the following spells:

 Your Spells              Type           Power      Damage    Failure   Level
a - Necrotise             Necr           100%       1d9       1%          1
b - Vampiric Draining     Necr           54%        2d9       1%          3
c - Animate Dead          Necr           54%        N/A       5%          4
d - Agony                 Necr           54%        N/A       14%         5
e - Apportation           Tloc           100%       N/A       1%          1
f - Blink                 Tloc           100%       N/A       1%          2
g - Ensorcelled Hibernat  Hex/Ice        100%       N/A       1%          2
h - Olgreb's Toxic Radia  Pois           54%        N/A       5%          4
i - Leda's Liquefaction   Hex/Erth       27%        N/A       5%          4
j - Irradiate             Conj/Tmut      27%        3d20      14%         5
Your spell library was empty.

Dungeon Overview and Level Annotations

Branches:
Dungeon (12/15)            Temple (1/1) D:4            Lair (2/5) D:10
  Swamp (0/4) Lair:2       Spider (0/4) Lair:2          Orc (0/2) D:11
  Sewer (visited)           IceCv (1/1)

Altars:
Ashenzari
Cheibriados
Dithmenos
Elyvilon
Fedhas
Gozag
Hepliaklqana
Makhleb
Nemelex Xobeh
Okawaru
Qazlal
Ru
Trog
Uskayaw
Wu Jian
Xom
Yredelemnul
Zin
The Shining One

Shops:
D:12 !

Annotations:
D:10 2 transporters, Thrassey's ghost, novice DsGl
Lair:1 gribnar's ghost, journeyman OpSh


Innate Abilities, Weirdness & Mutations

Your life essence is reduced to manifest your ancestor. (-10% HP)
You are immune to sickness and miasma.
You are immune to poison.
Your flesh is very heat resistant. (rF++)
You are vulnerable to cold. (rC-)
You float through the air rather than walking.
You learn spells naturally, not from books.
Your magical power is your life essence.
You have superior vitality. (+4 MHP)


Message History

Okay, then.
Unknown command.
Aiming: Throw Flame
Press: ? - help, Shift-Dir - straight line, f/p - dire elephant simulacrum
Aim: a dire elephant simulacrum (almost destroyed, 100% to hit)
The puff of flame hits the dire elephant simulacrum.
The dire elephant simulacrum is almost destroyed.
The now-empty wand crumbles to dust.
The dire elephant simulacrum tramples you.
You are shoved backwards!
Senakhtenre hits the polar bear simulacrum with a +0 flail!
Okay, then.
Unknown command.
A red film seems to cover your vision as you go berserk!
You feel yourself moving faster!
You feel mighty!
The dire elephant simulacrum barely misses you.
The dire elephant simulacrum trunk-slaps you!
The dire elephant simulacrum freezes you!!
The three-headed hydra simulacrum barely misses you.
The three-headed hydra simulacrum bites you but does no damage.
The three-headed hydra simulacrum bites you.
* * * LOW HITPOINT WARNING * * *
The three-headed hydra simulacrum freezes you!!
* * * LOW HITPOINT WARNING * * *
The polar bear simulacrum closely misses Senakhtenre.
Senakhtenre blocks the polar bear simulacrum's attack. x2
Unknown command.
Unknown command.
You hit the dire elephant simulacrum.
The dire elephant simulacrum is almost destroyed.
Senakhtenre hits the polar bear simulacrum but does no damage.
You puncture the dire elephant simulacrum!
The dire elephant simulacrum vaporises!
Senakhtenre blocks the polar bear simulacrum's attack.
The polar bear simulacrum claws Senakhtenre but does no damage. x2
The three-headed hydra simulacrum closely misses you.
The three-headed hydra simulacrum bites you.
* * * LOW HITPOINT WARNING * * *
The three-headed hydra simulacrum freezes you!!
You die...

#########
#.......#
#...∩...#
#.......#
#...@...#
#...☼Z..#
##..ZZ.##
##R..##
##.## ...
... ...
.....


You could see the friendly Senakhtenre the knight, a three-headed hydra
simulacrum, an elephant simulacrum and a polar bear simulacrum (distracted, ally
target).

Vanquished Creatures
  A hydra (D:12)
  2 two-headed ogres
  3 wizards (D:10)
  A deep elf pyromancer (D:12)
  2 manticores
  Joseph (D:7)
  Maurice (D:11)
  4 centaur zombies (D:12)
  A gargoyle (D:10)
  2 rime drakes (Lair:1)
  Maggie (D:10)
  2 cane toads (Lair:1)
  2 komodo dragons
  2 trolls
  2 slime creatures
  A shadow (D:12)
  2 wyverns
  A dire elephant simulacrum (IceCv)
  2 vampires (D:12)
  4 wraiths (D:12)
  3 steam dragons
  3 vampire mosquitoes (D:12)
  A warg (D:9)
  A water moccasin (D:9)
  An ice beast (D:5)
  An orc warrior (D:11)
  3 sky beasts
  2 black bears (D:6)
  3 ogres (D:5)
  3 centaurs
  3 kobold brigands
  A gnoll sergeant (D:7)
  A bullfrog (Lair:1)
  A cane toad simulacrum (IceCv)
  A scorpion (D:6)
  2 wights (D:8)
  4 killer bees
  2 electric eels (Lair:1)
  6 howler monkeys
  A jelly (D:5)
  A hound (D:7)
  6 orc priests
  2 iguanas
  Ijyb (D:5)
  Natasha (thrice) (D:3)
  2 orc wizards
  10 gnolls
  9 adders
  2 river rats
  A white imp (D:6)
  6 worms
  6 dart slugs
  24 orcs
  5 ball pythons
  A bat (D:2)
  8 endoplasms
  3 giant cockroaches (D:5)
  A goblin (D:2)
  5 hobgoblins
  4 quokkas
  2 frilled lizards (D:3)
  12 kobolds
  11 rats
205 creatures vanquished.

Vanquished Creatures (collateral kills)
  3 wizards (D:10)
  2 centaur zombies (D:12)
  A gargoyle (D:12)
  2 rime drakes (Lair:1)
  2 unseen horrors (D:10)
  A hornet (D:7)
  A slime creature (D:12)
  2 shadows
  A wyvern (D:8)
  2 vampires (D:12)
  2 wraiths
  3 basilisks (Lair:1)
  A vampire mosquito (D:12)
  A steam dragon (D:9)
  2 water moccasins (Lair:1)
  A sky beast (D:9)
  A black bear (D:7)
  An ice beast (D:8)
  4 orc warriors
  An ogre (D:7)
  5 centaurs
  A cane toad simulacrum (Lair:1)
  4 bullfrogs (Lair:1)
  3 scorpions
  9 wights
  A killer bee (D:9)
  An electric eel (Lair:1)
  A rime drake simulacrum (Lair:1)
  2 howler monkeys
  A torpor snail simulacrum (Lair:1)
  A jelly (D:7)
  A wyvern simulacrum (Lair:1)
  2 orc priests
  2 gnoll boudas
  An iguana (D:5)
  6 orc wizards
  A bullfrog simulacrum (Lair:1)
  A black bear simulacrum (Lair:1)
  An adder (D:4)
  5 gnolls
  A shadow imp (D:7)
  2 white imps
  A worm (Sewer)
  12 orcs
  3 kobolds (D:9)
102 creatures vanquished.

Vanquished Creatures (others)
  A wizard (D:10)
  A shadow (D:10)
  10 knights
  2 ancestors
14 creatures vanquished.

Grand Total: 321 creatures vanquished

Notes
Turn   | Place    | Note
-------+----------+-------------------------------------------
     0 | D:1      | cforsyth the Djinni Necromancer began the quest for the
                  | Orb.
     0 | D:1      | cforsyth set off with the following spells memorised:
                  | Necrotise, Vampiric Draining, Animate Dead, Agony.
     0 | D:1      | Reached XP level 1. HP: 15/15 MP: 0/0
   302 | D:1      | Reached XP level 2. HP: 18/21 MP: 0/0
   788 | D:2      | Reached XP level 3. HP: 24/25 MP: 0/0
   788 | D:2      | Learned a level 1 spell: Apportation
  1043 | D:2      | Found a faded altar of an unknown god.
  1536 | D:3      | Reached skill level 3 in Dodging
  1561 | D:3      | Noticed Natasha
  1567 | D:3      | Killed Natasha
  1568 | D:3      | Reached XP level 4. HP: 17/31 MP: 0/0
  1727 | D:3      | Noticed Natasha
  1734 | D:3      | Killed Natasha
  1735 | D:3      | Reached XP level 5. HP: 19/35 MP: 0/0
  1735 | D:3      | Learned a level 2 spell: Blink
  1753 | D:3      | Noticed Natasha
  1762 | D:3      | Killed Natasha
  2110 | D:3      | Reached skill level 4 in Dodging
  2140 | D:3      | Reached XP level 6. HP: 16/40 MP: 0/0
  2616 | D:4      | Found a staircase to the Ecumenical Temple.
  2660 | Temple   | Entered the Ecumenical Temple
  2669 | Temple   | Became a worshipper of Hepliaklqana the Forgotten
  3041 | D:5      | Entered Level 5 of the Dungeon
  3041 | D:5      | Noticed Ijyb
  3041 | D:5      | Noticed an ogre
  3080 | D:5      | Identified a scroll of acquirement
  3080 | D:5      | Acquired a +2 pair of gloves of stealth
  3125 | D:5      | Found a glowing drain.
  3152 | Sewer    | Entered a sewer
  3223 | Sewer    | Reached XP level 7. HP: 31/45 MP: 0/0
  3223 | Sewer    | Learned a level 2 spell: Ensorcelled Hibernation
  3516 | Sewer    | Reached skill level 5 in Dodging
  3753 | Sewer    | Reached * piety under Hepliaklqana
  4616 | D:5      | Killed Ijyb
  4617 | D:5      | Reached XP level 8. HP: 39/45 MP: 0/0
  4663 | D:5      | Reached skill level 6 in Dodging
  4820 | D:5      | Reached skill level 5 in Stealth
  5066 | D:5      | Reached skill level 5 in Spellcasting
  5066 | D:5      | Reached skill level 5 in Conjurations
  5066 | D:5      | Reached skill level 5 in Hexes
  5066 | D:5      | Reached skill level 5 in Summonings
  5066 | D:5      | Reached skill level 5 in Necromancy
  5066 | D:5      | Reached skill level 5 in Translocations
  5066 | D:5      | Reached skill level 5 in Transmutations
  5066 | D:5      | Reached skill level 5 in Fire Magic
  5066 | D:5      | Reached skill level 5 in Ice Magic
  5066 | D:5      | Reached skill level 5 in Air Magic
  5066 | D:5      | Reached skill level 5 in Earth Magic
  5066 | D:5      | Reached skill level 5 in Poison Magic
  5958 | D:6      | Reached skill level 7 in Dodging
  6067 | D:6      | Reached XP level 9. HP: 45/49 MP: 0/0
  6067 | D:6      | Learned a level 4 spell: Olgreb's Toxic Radiance
  6644 | D:6      | Reached ** piety under Hepliaklqana
  6645 | D:6      | Remembered your ancestor Senakhtenre as a knight
  6896 | D:7      | Noticed a troll
  6910 | D:7      | Killed a troll
  6911 | D:7      | Reached skill level 8 in Dodging
  7037 | D:7      | Noticed a hornet
  7049 | D:7      | Killed a hornet
  7468 | D:7      | Found a burning altar of Makhleb.
  7468 | D:7      | Found a basalt altar of Yredelemnul.
  7468 | D:7      | Noticed Joseph
  7613 | D:7      | Found the +18 Lear's hauberk
  7891 | D:7      | Killed Joseph
  7892 | D:7      | Reached skill level 9 in Dodging
  7892 | D:7      | Reached XP level 10. HP: 6/54 MP: 0/0
  9255 | D:9      | Reached *** piety under Hepliaklqana
  9571 | D:9      | Reached skill level 10 in Dodging
  9975 | D:9      | Noticed a kobold demonologist
  9984 | D:9      | Noticed a sixfirhy
 10285 | D:10     | Entered Level 10 of the Dungeon
 10324 | D:10     | Killed an unseen horror
 10325 | D:10     | Reached XP level 11. HP: 52/58 MP: 0/0
 10325 | D:10     | Learned a level 4 spell: Leda's Liquefaction
 10730 | D:10     | Noticed Thrassey's ghost (novice DsGl)
 10740 | D:10     | HP: 1/58 [gargoyle/+2 mace of protection (12)]
 11118 | D:10     | Found a transporter.
 11119 | D:10     | Found a transporter.
 11149 | D:10     | Reached **** piety under Hepliaklqana
 11157 | D:10     | Reached skill level 11 in Dodging
 11180 | D:10     | Found an ornate altar of the Wu Jian Council.
 11276 | D:10     | Noticed Maggie
 11288 | D:10     | Killed Maggie
 11495 | D:10     | Noticed a wizard
 11511 | D:10     | Killed a wizard
 11518 | D:10     | Noticed a wizard
 11520 | D:10     | Noticed a wizard
 11530 | D:10     | Killed a wizard
 11536 | D:10     | Killed a wizard
 11856 | D:9      | Identified the +0 pair of boots of Indomitability {rC+
                  | Slay+2 SInv}
 12043 | D:10     | Noticed a wizard
 12056 | D:10     | Killed a wizard
 12106 | D:10     | Noticed a wizard
 12116 | D:10     | Killed a wizard
 12117 | D:10     | Reached skill level 10 in Stealth
 12141 | D:10     | Found the +3 warlock's mirror {omnireflect}
 12143 | D:10     | Noticed a wizard
 12162 | D:10     | Killed a wizard
 12265 | D:10     | Noticed a wizard
 12275 | D:10     | Killed a wizard
 12276 | D:10     | Reached skill level 12 in Dodging
 12444 | D:10     | Found a staircase to the Lair.
 12572 | D:11     | Noticed a two-headed ogre
 12770 | D:11     | Noticed Maurice
 12770 | D:11     | Found a staircase to the Orcish Mines.
 12771 | D:11     | Noticed a two-headed ogre
 13397 | D:9      | Killed a two-headed ogre
 13398 | D:9      | Reached XP level 12. HP: 51/63 MP: 0/0
 13587 | D:10     | Killed a two-headed ogre
 14564 | D:11     | Killed Maurice
 14829 | D:11     | Reached XP level 13. HP: 82/82 MP: 0/0
 14829 | D:11     | Learned a level 5 spell: Irradiate
 15363 | D:12     | Noticed a seven-headed hydra
 15375 | D:12     | Killed a seven-headed hydra
 17244 | D:12     | Found Agofaqau's Distillery.
 17247 | D:12     | Bought a potion of heal wounds for 75 gold pieces
 17427 | Lair:1   | Entered Level 1 of the Lair of Beasts
 17470 | Lair:1   | Reached ***** piety under Hepliaklqana
 17546 | Lair:1   | Reached skill level 10 in Fighting
 17591 | Lair:1   | Noticed gribnar's ghost (journeyman OpSh)
 17877 | Lair:1   | Found a runed translucent gate.
 17877 | Lair:1   | Found a runed translucent gate.
 17877 | Lair:1   | Found a runed translucent gate.
 18069 | Lair:1   | Reached XP level 14. HP: 86/92 MP: 0/0
 18623 | Lair:1   | Got the ring "Ossun" {Fire rPois Int+2}
 18626 | Lair:1   | Identified the +0 cloak of Etiaxt {Str-2 Int+2 SInv}
 18698 | Lair:2   | Found a frozen archway.
 18714 | IceCv    | Entered an ice cave
 18729 | IceCv    | Demolished by a three-headed hydra simulacrum

Illustrated notes

Levels and vault maps discovered:
D:1:      dpeg_arrival_central, layout_basic, kennysheep_decorative_pillar
D:2:      layout_loops_cross, shapermc_ecumenical_altar_petra,
          dk_noncrumbling_3, nicolae_hexahallways
D:3:      layout_loops_ring, uniq_natasha
D:4:      layout_basic, minmay_temple_entry_grid
D:5:      layout_basic, portal_sewer_entry_a, uniq_ijyb
D:6:      layout_basic
D:7:      layout_cave_pools, mainiacjoe_overflow_large_starburst, st_stairs_12,
          hellmonk_guarded_unrand_lears, uniq_joseph
D:8:      layout_basic
D:9:      layout_irregular_city, hangedman_misty_isle
D:10:     minmay_smoke_and_mirrors, layout_gridville,
          nicolae_wu_jian_wuxing_cycle, david_lair_shrubbed,
          gammafunk_ghost_hive, minmay_misc_feat_hallway, uniq_maggie
D:11:     layout_loops_cross, david_orc_3, uniq_maurice
D:12:     layout_loops_ring, serial_shops, nicolae_shop_behind_doors,
          serial_undead, serial_undead_b, serial_undead_e, serial_undead_f,
          serial_undead_d, serial_undead_a, serial_undead_d, serial_undead_f
Temple:   nicolae_temple_bog_church
Lair:1:   layout_hall_layers, gammafunk_ghost_icy, chequers_serial_rivers_marsh,
          serial_bayou_lake_a
Lair:2:   layout_layer_cave, nicolae_swamp_entry_splash_gauntlet,
          spider_nest_entry_a, portal_ice_cave_entry_pillars_2,
          gammafunk_ghost_arena, eino_small_chamber_without_monster,
          infiniplex_staircase_pool_2
IceCv:    ice_cave_statue_garden_chambered

Skill      XL: |  1  2  3  4  5  6  7  8  9 10 11 12 13 |
---------------+----------------------------------------+-----
Stealth        | 2 3 4 5 7 8 10 | 10.8
Dodging        | 3 4 5 7 9 10 12 | 12.8
Spellcasting   | 4 5 6 7 8 9 |  9.7
Conjurations   | 4 5 6 7 8 9 |  9.7
Hexes          | 4 5 6 7 8 9 |  9.7
Summonings     | 4 5 6 7 8 9 |  9.7
Necromancy     | 4 5 6 7 8 9 |  9.7
Translocations | 4 5 6 7 8 9 |  9.7
Transmutations | 4 5 6 7 8 9 |  9.7
Fire Magic     | 4 5 6 7 8 9 |  9.7
Ice Magic      | 4 5 6 7 8 9 |  9.7
Air Magic      | 4 5 6 7 8 9 |  9.7
Earth Magic    | 4 5 6 7 8 9 |  9.7
Poison Magic   | 4 5 6 7 8 9 |  9.7
Fighting       | 8 10 | 10.4

Action                     |  1- 3 |  4- 6 |  7- 9 | 10-12 | 13-15 || total
---------------------------+-------+-------+-------+-------+-------++-------
  Melee: Unarmed           |       |       |     4 |       |       ||     4
         Short sword       |       |       |    42 |    49 |   149 ||   240
         Punch             |       |       |     2 |       |     4 ||     6
   Cast: Necrotise         |    48 |   113 |   251 |   279 |   110 ||   801
         Blink             |       |       |     2 |       |       ||     2
         Olgreb's Toxic Ra |       |       |     2 |    15 |     2 ||    19
         Leda's Liquefacti |       |       |       |     5 |     2 ||     7
         Irradiate         |       |       |       |       |     7 ||     7
         Animate Dead      |       |       |       |       |     1 ||     1
 Invoke: Recall Ancestor   |       |       |     1 |    10 |     3 ||    14
         Ancestor Life: Kn |       |       |     1 |       |       ||     1
  Evoke: Wand              |       |       |     2 |     7 |    19 ||    28
    Use: Scroll            |       |     9 |     1 |    14 |     2 ||    26
         Potion            |       |       |       |     4 |     2 ||     6
   Stab: Sleeping          |       |       |       |       |     3 ||     3
         Distracted        |       |       |       |       |     1 ||     1
 Armour: Robe              |     2 |    23 |    18 |       |       ||    43
         Ring mail         |       |       |    45 |   137 |   154 ||   336
  Dodge: Dodged            |     4 |    25 |    84 |   211 |   200 ||   524

Table legend: (Time is in decaauts)
 A = Elapsed time spent in this place.
 B = Non-inter-level travel time spent in this place.
 C = Inter-level travel time spent in this place.
 D = Time resting spent in this place.
 E = Time spent auto-exploring this place.
 F = Levels seen in this place.
 G = Mean time per level.
                   A        B        C        D        E       F      G
               +--------+--------+--------+--------+--------+-----+--------+
         Total |  18692 |  17731 |    961 |   3887 |  10260 |  17 | 1099.5 |
       Dungeon |  16570 |  15637 |    933 |   3832 |   8903 |  12 | 1380.8 |
        Temple |     15 |      9 |      6 |      0 |      0 |   1 |   15.0 |
          Lair |   1287 |   1267 |     20 |     55 |    806 |   2 |  643.5 |
         Sewer |    804 |    804 |      0 |      0 |    551 |   1 |  804.0 |
      Ice Cave |     14 |     14 |      0 |      0 |      0 |   1 |   14.0 |
               +--------+--------+--------+--------+--------+-----+--------+

Top non-repeatable levels by time:
    D:10: 2827 daAuts
     D:9: 1920 daAuts
    D:12: 1810 daAuts
    D:11: 1683 daAuts
     D:7: 1451 daAuts
     D:3: 1270 daAuts
     D:6: 1239 daAuts
  Lair:1: 1233 daAuts
     D:5: 1095 daAuts
     D:2: 1043 daAuts
     D:4: 861 daAuts
   Sewer: 804 daAuts
     D:8: 700 daAuts
     D:1: 666 daAuts
  Lair:2: 53 daAuts
